 Dungeon Crawl Stone Soup version 0.20-a0-876-g2c7b0bf (webtiles) character file.

59 Patate the Sneak (level 3, 0/16 HPs)
             Began as a Spriggan Enchanter on Mar 15, 2017.
             Killed by nerve-wracking pain
             ... invoked by Jessica
              (14 damage)
             ... on level 2 of the Dungeon.
             The game lasted 00:04:55 (2298 turns).

Patate the Sneak (Spriggan Enchanter)               Turns: 2298, Time: 00:04:57

Health: 0/16       AC:  2    Str:  5    XL:     3   Next: 78%
Magic:  2/8        EV: 19    Int: 16    God:
Gold:   53         SH:  0    Dex: 16    Spells: 4/7 levels left

rFire    . . .     SeeInvis +   a - +1 dagger
rCold    . . .     Gourm    .   b - +0 robe
rNeg     . . .     Faith    .   (shield restricted)
rPois    .         Spirit   .   (helmet restricted)
rElec    .         Reflect  .   (no cloak)
rCorr    .         Harm     .   (gloves unavailable)
MR       .....                  (boots unavailable)
Stlth    +++.......             (no amulet)
Regen    0.1/turn               (no ring)
MPRegen  0.2/turn               (no ring)

@: very slightly contaminated, very quick
A: unfitting armour, see invisible, herbivore 3, speed 3, slow metabolism 2
a: no special abilities


You were on level 2 of the Dungeon.
You were not hungry.

You visited 1 branch of the dungeon, and saw 2 of its levels.

You collected 53 gold pieces.

Inventory:

Hand Weapons
 a - a +1 dagger (weapon)
Armour
 b - a +0 robe (worn)
Scrolls
 e - a scroll of amnesia {unknown}
 f - a scroll of immolation {unknown}
 g - 2 scrolls of identify {unknown}
 j - a scroll of recharging {unknown}
 l - a scroll of noise {unknown}
Potions
 h - a potion of curing {unknown}
 i - 2 potions of ambrosia {unknown}
 k - a potion of resistance {unknown}
 m - a potion of invisibility {unknown}
Books
 c - a book of Maledictions

   Spells                             Type                      Level
   a - Corona                         Hexes                        1
   b - Ensorcelled Hibernation        Hexes/Ice                    2
   c - Confuse                        Hexes                        3
   d - Tukima's Dance                 Hexes                        3
   e - Dazzling Spray                 Conjuration/Hexes            3
Comestibles
 d - 3 bread rations


   Skills:
 - Level 1.1 Short Blades
 + Level 4.0 Dodging
 * Level 6.6 Stealth
 - Level 2.7 Spellcasting
 - Level 3.6 Hexes


You had 4 spell levels left.
You knew the following spells:

 Your Spells              Type           Power        Failure   Level  Hunger
a - Corona                Hex            ##.....      6%          1    #......
b - Ensorcelled Hibernat  Hex/Ice        #.....       14%         2    ##.....


Dungeon Overview and Level Annotations

Branches:
Dungeon (2/15)

Altars:

Annotations:
D:2 Jessica


Innate Abilities, Weirdness & Mutations

You are very small and have problems with some larger weapons.
You are too small for most types of armour.
You have supernaturally acute eyesight. (SInv)
You are a herbivore.
You cover ground extremely quickly.
You need consume almost no food.


Message History

The bat closely misses you. x2
You miss the bat.
The bat is severely wounded.
The bat hits you. The bat closely misses you.
You miss the bat.
The bat is severely wounded.
The bat closely misses you.
You hit the bat but do no damage.
The bat is severely wounded.
The bat misses you. The bat hits you but does no damage.
The bat completely misses you.
You hit the bat.
You kill the bat!
You completely miss Jessica.
Jessica mumbles some strange words.
Jessica blinks!
Jessica casts a spell at you. Pain shoots through your body!
Ouch! That really hurt!
You die...

#........
#........
#########........
#
#.....@.l....#...
##.#########.#
#.#....$..#.#
#l#.#..<#.#.#.#.##
#§# #...#.#.#.#.#.
#@# #..l..#.#.#.#(
#.# #...†##.#...#.
#.# +...h..>...g..
#.# #....#........
#@# #....#....#...
#.# ######....#...
#.# .....h..##...
#.# ........##...
#.# #........##...


You could see Jessica and a frilled lizard.

Vanquished Creatures
  2 gnolls (D:2)
  An adder (D:2)
  A dart slug (D:1)
  3 ball pythons
  A giant cockroach (D:1)
  A hobgoblin (D:2)
  6 jackals
  6 bats
  3 frilled lizards (D:1)
  2 goblins (D:2)
  3 kobolds
  4 rats (D:1)
33 creatures vanquished.

Notes
Turn   | Place    | Note
-------+----------+-------------------------------------------
     0 | D:1      | Patate the Spriggan Enchanter began the quest for the Orb.
     0 | D:1      | Reached XP level 1. HP: 9/9 MP: 5/5
   418 | D:1      | Reached XP level 2. HP: 6/13 MP: 6/6
   426 | D:1      | Reached skill level 5 in Stealth
   442 | D:1      | Learned a level 2 spell: Ensorcelled Hibernation
  1439 | D:2      | Reached skill level 6 in Stealth
  1439 | D:2      | Reached XP level 3. HP: 16/16 MP: 8/8
  2264 | D:2      | Noticed Jessica
  2298 | D:2      | Killed from afar by Jessica

Vault maps used:
D:1:      nicolae_arrival_memento_mori, serial_bayou_lagoon_b
D:2:      uniq_jessica

Skill      XL: |  1  2  3 |
---------------+----------+-----
Stealth        | 6 |  6.6
Dodging        | 4 |  4.0
Short Blades   | |  1.1
Spellcasting   | |  2.7
Hexes          | |  3.6

Action                   || total
-------------------------++-------
Melee: Dagger            ||   112
 Cast: Ensorcelled Hiber ||    16
 Stab: Sleeping          ||    15
Armor: Robe              ||    15
Dodge: Dodged            ||   117
